Map: Cyber Forest LE

Players

Serral - Winner!

  • Race: Zerg Zerg
  • Spawn Location: 5:00

SortOf

  • Race: Zerg Zerg
  • League: Diamond
  • Spawn Location: 11:00

Event: 2019 WCS Summer

VOD

Have the link to the VOD?

Description

Time

  • Played on: July 12, 2019, 1:29 p.m.
  • Length: 8:32

All games in this series

Show
View Real Time Build Order
Export as new Build Order

Serral Zerg - Winner!

Build Orders: Hatch First 

Get SALT Encoding   

  12  0:00  Drone  
  13  0:12  Overlord  
  13  0:17  Drone  
  14  0:30  Drone  
  14  0:31  Drone  
  16  0:47  Hatchery  
  15  0:51  Drone  
  15  0:54  Drone  
  17  1:08  Spawning Pool  
  17  1:10  Extractor  
  15  1:13  Drone  
  15  1:16  Drone  
  17  1:20  Drone  
  18  1:28  Drone  
  19  1:38  Drone  
  20  1:49  Overlord  
  20  1:55  Queen  
  20  2:00  Queen  
  24  2:04  Drone x2  
  26  2:11  Zergling x2  
  26  2:12  Drone  
  28  2:22  Drone x2  
  30  2:35  Hatchery  
  29  2:37  Drone  
  29  2:40  Drone  
  31  2:47  Drone, Evolution Chamber  
  31  2:51  Overlord  
  31  2:54  Drone  
  31  2:56  Zergling x2  
  32  3:03  Drone x2  
  32  3:04  Drone  
  35  3:10  Drone x5  
  40  3:14  Zerg Missile Weapons Level 1  
  40  3:18  Overlord  
  40  3:25  Roach Warren  
  40  3:27  Drone  
  40  3:29  Drone  
  40  3:30  Drone  
  42  3:34  Drone  
  42  3:39  Extractor x2  
  42  3:40  Drone x3  
  44  3:46  Drone x2  
  44  3:47  Drone x2  
  48  3:52  Lair  
  48  3:55  Overlord  
  48  4:05  Roach x3  
  48  4:09  Overlord  
  54  4:10  Roach  
  54  4:15  Roach x2  
  60  4:21  Spine Crawler  
  60  4:23  Overlord  
  61  4:26  Roach  
  63  4:32  Overlord  
  63  4:33  Roach x2  
  65  4:38  Overlord  
  65  4:42  Roach x2  
  69  4:46  Overlord  
  69  4:48  Roach x2  
  69  4:51  Glial Reconstitution  
  73  4:56  Roach  
  75  5:01  Roach x3  
  75  5:06  Roach x2  
  85  5:14  Overlord  
  84  5:15  Zerg Missile Weapons Level 2  
  84  5:22  Drone x3, Extractor  
  84  5:23  Drone  
  84  5:25  Roach  
  89  5:30  Overseer  
  89  5:32  Roach x2  
  89  5:35  Overlord  
  93  5:37  Overlord  
  93  5:40  Roach  
  95  5:45  Roach  
  95  5:46  Roach  
  95  5:48  Drone  
  100  5:54  Roach x3  
  106  6:05  Spire  
  106  6:10  Hatchery  
  104  6:21  Overlord x2  
  104  6:36  Roach x5  
  104  6:37  Roach  
  104  6:39  Drone x4  
  120  6:53  Overlord  
  128  6:54  Roach x4  
  128  6:57  Overlord  
  128  6:59  Overlord  
  128  7:13  Overlord  
  128  7:19  Mutalisk x4  
  128  7:22  Queen  
  136  7:23  Mutalisk  
  136  7:24  Ravager  
  136  7:27  Overlord  
  141  7:32  Roach x2  
  141  7:35  Ravager  
  146  7:38  Roach x2  
  150  7:46  Roach x4  
  158  7:52  Roach x2  
  162  8:01  Ravager  
  162  8:02  Roach x2  
  167  8:08  Roach  
Show
View Real Time Build Order
Export as new Build Order

SortOf Zerg 

Build Orders: Hatch First 

Get SALT Encoding   

  12  0:00  Drone  
  13  0:13  Overlord  
  13  0:16  Drone  
  14  0:31  Drone x2  
  16  0:41  Drone  
  17  0:52  Hatchery  
  17  0:55  Drone  
  17  0:59  Drone  
  18  1:09  Extractor  
  17  1:14  Spawning Pool  
  17  1:16  Drone  
  17  1:20  Drone  
  18  1:28  Drone  
  19  1:39  Drone  
  20  1:49  Overlord  
  20  2:01  Queen  
  20  2:04  Queen  
  20  2:05  Drone  
  20  2:08  Drone  
  26  2:12  Drone  
  26  2:15  Drone  
  28  2:22  Drone  
  29  2:27  Extractor  
  28  2:30  Drone  
  28  2:35  Drone  
  30  2:37  Lair  
  30  2:39  Queen  
  30  2:40  Drone  
  30  2:43  Evolution Chamber  
  32  2:45  Overlord  
  32  2:48  Drone  
  33  2:58  Roach Warren  
  33  2:59  Drone  
  33  3:03  Drone  
  34  3:08  Drone x2  
  34  3:11  Drone  
  34  3:12  Drone  
  38  3:19  Zerg Missile Weapons Level 1  
  38  3:23  Queen  
  40  3:31  Overlord  
  40  3:36  Overlord  
  40  3:38  Glial Reconstitution  
  40  3:42  Roach  
  40  3:45  Roach  
  44  3:49  Overlord  
  44  3:51  Roach  
  46  3:57  Roach  
  46  4:00  Roach x2  
  52  4:04  Roach  
  54  4:12  Overlord  
  54  4:13  Roach  
  54  4:15  Roach  
  58  4:19  Roach x2  
  62  4:25  Roach  
  62  4:27  Overlord  
  64  4:32  Roach  
  64  4:34  Roach  
  68  4:42  Roach x2  
  72  4:47  Roach  
  72  4:48  Roach  
  72  4:51  Roach x2  
  80  4:57  Queen  
  82  5:03  Drone x2  
  84  5:16  Zerg Missile Weapons Level 2  
  84  5:17  Overlord  
  84  5:19  Overlord  
  84  5:21  Overlord  
  84  5:33  Hatchery  
  83  5:36  Drone x2  
  85  5:43  Drone x3  
  85  5:49  Drone x2  
  92  5:50  Drone x2  
  94  5:57  Roach  
  94  5:58  Roach  
  94  6:01  Roach  
  94  6:03  Extractor  
  97  6:08  Overlord  
  97  6:11  Roach  
  99  6:14  Roach x3  
  99  6:16  Ravager  
  106  6:21  Drone x2  
  108  6:26  Overlord  
  108  6:30  Roach x2  
  108  6:31  Ravager  
  113  6:37  Roach  
  113  6:38  Overlord  
  115  6:46  Drone x3  
  120  6:54  Drone x6  
  120  6:57  Overlord  
  124  7:02  Overlord  
  124  7:05  Roach  
  126  7:15  Roach x3  
  132  7:18  Overlord  
  132  7:21  Roach x6  
  144  7:23  Extractor  
  144  7:24  Roach  
  144  7:25  Roach  
  144  7:26  Ravager x2  
  144  7:29  Overlord  
  149  7:32  Roach  
  149  7:33  Roach  
  153  7:41  Roach x3  
  159  7:48  Roach x4  
  167  7:56  Queen  
  169  8:02  Overlord  
Tags
 
Add a new tag
Caveats
  • Supply blocks, unpowered buildings, or Contaminate may cause inaccurate times.
  • Supply counts are checked every 10 seconds.